 Dungeon Crawl Stone Soup version 0.30-a0-339-g89bb51ec76 (webtiles) character file.

Game seed: 15283294211588774558

112 Lanoc the Slasher (level 4, -1/38 HPs)
             Began as a Barachi Berserker on Nov 1, 2022.
             Was a Follower of Trog.
             Slain by a gnoll
             ... wielding a +0 whip
              (3 damage)
             ... on level 3 of the Dungeon.
             The game lasted 00:02:50 (1612 turns).

Lanoc the Slasher (Barachi Berserker)               Turns: 1612, Time: 00:02:51

Health: -1/38      AC:  2    Str: 18    XL:     4   Next: 93%
Magic:  4/4        EV: 13    Int:  7    God:    Trog [*.....]
Gold:   136        SH:  0    Dex: 14    Spells: 3/3 levels left

rFire   . . .      SeeInvis .    a - +0 falchion
rCold   . . .      Faith    .    (no shield)
rNeg    . . .      Spirit   .    b - +0 animal skin
rPois   .          Reflect  .    (helmet restricted)
rElec   .          Harm     .    (no cloak)
rCorr   .          Rampage  .    (no gloves)
Will    .....                    (no boots)
Stlth   +.........               (no amulet)
HPRegen 0.26/turn                (no ring)
MPRegen 0.09/turn                (no ring)

@: unable to hop, on berserk cooldown, slowed, very slow
A: amphibious, slowness 1, strong legs 1, +LOS, horns 1, subdued magic 1
a: Hop, Renounce Religion, Berserk


You were on level 3 of the Dungeon.
You worshipped Trog.
Trog was aware of your devotion.
You visited 1 branch of the dungeon, and saw 3 of its levels.

You collected 136 gold pieces.

Inventory:

Hand Weapons
 a - a +0 falchion (weapon)
Armour
 b - a +0 animal skin (worn)
Scrolls
 c - 2 scrolls of identify {unknown}
 d - a scroll of teleportation {unknown}
 g - a scroll of brand weapon {unknown}
 h - a scroll of poison {unknown}
 l - a scroll of fear {unknown}
Potions
 i - a potion of flight {unknown}
 j - a potion of attraction {unknown}
 k - a potion of heal wounds {unknown}


   Skills:
 + Level 4.3 Fighting
 * Level 5.0 Long Blades
 + Level 3.3 Armour
 + Level 3.0 Dodging


You had 3 spell levels left.
You didn't know any spells.
Your spell library was empty.

Dungeon Overview and Level Annotations

Branches:
Dungeon (3/15)

Altars:
Qazlal

Shops:
D:2 (


Innate Abilities, Weirdness & Mutations

You are amphibious.
You cover ground slowly.
You can hop short distances.
You have an extended range of vision and can be seen from far away.
You have a pair of small horns on your head.
Your spells are a little easier to cast, but a little less powerful.


Message History

The gnoll is moderately wounded.
You completely miss the gnoll.
The gnoll is moderately wounded.
The gnoll misses you. The gnoll hits you with a +0 spear.
You barely miss the gnoll.
The gnoll is moderately wounded.
The gnoll barely misses you. The gnoll hits you with a +0 spear.
* * * LOW HITPOINT WARNING * * *
You slash the gnoll!
You kill the gnoll!
Trog accepts your kill.
You slash the gnoll!
The gnoll is heavily wounded.
You are no longer berserk.
You are exhausted.
You feel yourself slow down. The gnoll hits you with a +0 spear.
* * * LOW HITPOINT WARNING * * *
It was a potion of curing.
You feel better. The gnoll hits you with a +0 spear.
The goblin closely misses you. The gnoll closely misses you.
The goblin hits you but does no damage.
Hop to where?
Press: ? - help, Dir - move target Boing!
The gnoll closely misses you. The goblin closely misses you.
The goblin attacks as you move away! The goblin hits you with a +0 club.
The gnoll closely misses you. The gnoll hits you with a +0 whip.
The gnoll completely misses you. The gnoll hits you with a +0 whip!
* * * LOW HITPOINT WARNING * * *
The goblin closely misses you.
There is a stone staircase leading down, spattered with blood here.
The gnoll hits you from afar with a +0 spear.
* * * LOW HITPOINT WARNING * * *
The gnoll misses you. The goblin barely misses you.
You climb downwards.
Found a gold piece.
Found a stone staircase leading down.
There is a stone staircase leading up here.
It was a potion of mutation.
You feel extremely strange.
Your connection to magic feels subdued.
A pair of horns grows on your head! The gnoll hits you with a +0 whip.
You die...

..
...$.#####
.......>@#
..r..###gg.#
.. ##.....
#.#### .# .#
#


You could see a gnoll, a quokka and a goblin.

Vanquished Creatures
  6 gnolls (D:2)
  An adder (D:2)
  2 dart slugs (D:1)
  6 endoplasms
  4 goblins
  3 hobgoblins
  3 jackals (D:1)
  A kobold (D:1)
  2 quokkas (D:1)
  3 ball pythons (D:1)
  6 bats
  2 frilled lizards (D:1)
  4 rats (D:1)
43 creatures vanquished.

Notes
Turn   | Place    | Note
-------+----------+-------------------------------------------
     0 | D:1      | Lanoc the Barachi Berserker began the quest for the Orb.
     0 | D:1      | Reached XP level 1. HP: 18/18 MP: 1/1
   202 | D:1      | Reached XP level 2. HP: 20/25 MP: 2/2
   227 | D:1      | Reached skill level 4 in Long Blades
   458 | D:1      | Reached XP level 3. HP: 30/30 MP: 3/3
   913 | D:2      | Found a faded altar of an unknown god.
  1027 | D:2      | Reached XP level 4. HP: 18/37 MP: 4/4
  1241 | D:2      | Found a stormy altar of Qazlal.
  1529 | D:2      | Found Seul's Weapon Emporium.
  1598 | D:2      | Reached skill level 5 in Long Blades
  1610 | D:2      | HP: 1/38 [gnoll/+0 spear (3)]
  1612 | D:3      | Gained mutation: Your spells are a little easier to cast,
                  | but a little less powerful. [potion of mutation]
  1612 | D:3      | Gained mutation: You have a pair of small horns on your
                  | head. [potion of mutation]
  1612 | D:3      | Slain by a gnoll

Illustrated notes

Levels and vault maps discovered:
D:1:      dpeg_arrival_stone_temple_mockup, layout_loops_ring, serial_glass,
          glass_columns_c, glass_columns_a, glass_columns_a, glass_columns_b,
          glass_columns_c, glass_columns_a, glass_columns_a, glass_columns_b,
          glass_columns_c, glass_columns_c, roderic_three_in_a_row
D:2:      layout_basic, hellmonk_ecumenical_altar_lost_god, serial_shops,
          nicolae_shop_bloodbath_and_beyond, basic_altar
D:3:      layout_rooms, serial_shops, nicolae_shop_hallway_plus,
          nicolae_eternal_life

Skill      XL: |  1  2  3  4 |
---------------+-------------+-----
Long Blades    | 4 5 |  5.0
Fighting       | 4 |  4.3
Armour         | 3 |  3.3
Dodging        | 3 |  3.0

Action                   |  1- 3 |  4- 6 || total
-------------------------+-------+-------++-------
Melee: Falchion          |    91 |    54 ||   145
Invok: Berserk           |     3 |     2 ||     5
 Abil: Hop               |     1 |     1 ||     2
  Use: Potion            |       |     2 ||     2
 Stab: Sleeping          |     1 |     1 ||     2
Armor: Animal skin       |    21 |     8 ||    29
Dodge: Dodged            |    66 |    53 ||   119

Table legend: (Time is in decaauts)
 A = Elapsed time spent in this place.
 B = Non-inter-level travel time spent in this place.
 C = Inter-level travel time spent in this place.
 D = Time resting spent in this place.
 E = Time spent auto-exploring this place.
 F = Levels seen in this place.
 G = Mean time per level.
                   A        B        C        D        E       F      G
               +--------+--------+--------+--------+--------+-----+--------+
         Total |   1844 |   1831 |     13 |     68 |   1372 |   3 |  614.7 |
       Dungeon |   1844 |   1831 |     13 |     68 |   1372 |   3 |  614.7 |
               +--------+--------+--------+--------+--------+-----+--------+

Top non-repeatable levels by time:
     D:1: 1099 daAuts
     D:2: 743 daAuts
     D:3: 1 daAuts
